Map: 瑟拉斯遺跡

Players

Rose (Python) - Winner!

  • Race: Zerg Zerg
  • League: Grandmaster

YouRush (JoJo)

  • Race: Zerg Zerg
  • League: Master

Event: 2016 WCS Winter Challenger Taiwan

VOD

Have the link to the VOD?

Description

Time

  • Played on: Jan. 14, 2016, 6:18 a.m.
  • Length: 15:37

All games in this series

Show
View Real Time Build Order
Export as new Build Order

Rose Zerg - Winner!

Build Orders: Hatch First 

Get SALT Encoding   

  12  0:00  Drone  
  13  0:08  Drone  
  14  0:18  Overlord  
  14  0:21  Extractor  
  14  0:23  Drone  
  15  0:37  Drone x2  
  17  0:54  Hatchery  
  17  0:56  Drone  
  17  1:10  Spawning Pool  
  16  1:12  Extractor  
  16  1:14  Drone  
  16  1:19  Drone  
  16  1:22  Drone  
  18  1:28  Drone  
  19  1:37  Overlord  
  19  1:56  Queen  
  19  1:57  Zergling x2  
  22  2:02  Drone  
  22  2:06  Queen  
  22  2:07  Drone  
  26  2:11  Metabolic Boost  
  26  2:13  Drone  
  27  2:18  Drone  
  27  2:21  Drone  
  29  2:32  Baneling Nest  
  28  2:42  Overlord, Drone  
  29  3:01  Drone x2  
  31  3:07  Overlord  
  31  3:10  Zergling x4  
  31  3:11  Zergling x2  
  33  3:14  Hatchery  
  33  3:18  Zergling x6  
  35  3:26  Zergling x4  
  35  3:27  Zergling x2  
  38  3:28  Zergling x2  
  38  3:31  Drone  
  40  3:38  Drone x2  
  42  3:46  Baneling  
  42  3:47  Drone x2  
  42  3:48  Drone x2  
  46  3:54  Lair  
  46  4:14  Drone x4  
  46  4:16  Overlord, Drone  
  49  4:18  Drone  
  49  4:32  Queen  
  49  4:35  Drone x2  
  50  4:40  Drone x2  
  50  4:41  Spine Crawler, Overlord  
  50  4:42  Drone, Extractor  
  50  4:43  Extractor  
  50  4:45  Queen  
  50  4:50  Drone x2  
  54  4:55  Spire  
  54  4:56  Extractor  
  54  4:57  Drone x2  
  54  5:01  Drone x2  
  56  5:11  Drone  
  56  5:19  Drone x3  
  58  5:22  Drone x4  
  58  5:23  Drone  
  58  5:26  Extractor  
  58  5:27  Extractor  
  61  5:38  Drone x2  
  63  5:44  Overlord  
  63  5:52  Overlord  
  63  5:53  Drone x3  
  66  5:57  Baneling x2  
  66  6:06  Overlord  
  66  6:07  Zerg Flyer Armor Level 1  
  66  6:08  Mutalisk x5  
  71  6:23  Mutalisk x3  
  77  6:27  Zergling x16  
  77  6:32  Drone  
  82  6:38  Mutalisk x2  
  86  6:40  Drone x3  
  86  6:42  Spore Crawler  
  86  6:46  Drone x2  
  86  6:47  Drone x2  
  92  6:51  Overlord  
  92  6:57  Mutalisk x2  
  92  6:58  Overlord  
  96  7:10  Mutalisk  
  96  7:11  Mutalisk x2  
  96  7:12  Overlord x2  
  96  7:15  Overlord  
  102  7:25  Overlord x2  
  102  7:26  Overlord  
  102  7:29  Mutalisk x3  
  106  7:32  Spore Crawler  
  106  7:33  Drone x3  
  110  7:38  Mutalisk  
  110  7:41  Drone  
  110  7:42  Mutalisk, Drone  
  116  7:45  Baneling  
  116  7:50  Spine Crawler  
  115  7:51  Drone x2  
  115  7:53  Spine Crawler, Drone  
  115  7:55  Mutalisk x2  
  120  8:02  Mutalisk  
  120  8:04  Zergling x8  
  126  8:19  Mutalisk x3  
  125  8:21  Overlord  
  125  8:23  Zergling x2  
  125  8:25  Zergling x14  
  139  8:29  Mutalisk  
  141  8:35  Zerg Flyer Weapons Level 1  
  139  8:42  Mutalisk  
  139  8:45  Overlord x2  
  141  8:49  Hatchery  
  141  8:52  Mutalisk x2  
  141  8:54  Overlord  
  143  9:01  Mutalisk  
  145  9:06  Mutalisk  
  147  9:10  Zergling x2  
  147  9:11  Zergling x8  
  150  9:21  Mutalisk x2  
  150  9:23  Zergling x4  
  156  9:31  Mutalisk x2  
  145  9:44  Mutalisk x2  
  115  9:53  Mutalisk x2  
  115  9:56  Zergling x14  
  123  10:11  Mutalisk x2  
  126  10:18  Zergling x2  
  126  10:19  Zergling x14  
  133  10:36  Mutalisk x3  
  133  10:40  Mutalisk  
  133  10:42  Extractor, Spore Crawler, Zergling x2  
  141  10:43  Spine Crawler, Zergling x14, Spore Crawler x2  
  141  10:45  Baneling x2  
  141  10:46  Spore Crawler  
  141  10:48  Queen  
  141  10:49  Drone x3  
  148  10:50  Extractor  
  148  10:51  Drone x2  
  149  11:02  Overlord x2, Mutalisk x2  
  152  11:08  Zerg Flyer Armor Level 2  
  151  11:12  Drone x2  
  151  11:14  Spine Crawler  
  151  11:15  Mutalisk  
  154  11:24  Mutalisk  
  156  11:26  Zergling x2  
  152  11:35  Mutalisk x3  
  152  11:44  Spine Crawler  
  148  11:47  Drone x4  
  151  11:56  Zergling x2  
  151  11:59  Mutalisk x3  
  151  12:00  Mutalisk x2  
  158  12:15  Mutalisk x3  
  157  12:20  Mutalisk  
  157  12:22  Mutalisk  
  165  12:24  Zergling x14  
  174  12:30  Mutalisk  
  175  12:40  Mutalisk x3  
  174  12:59  Mutalisk x3  
  174  13:00  Mutalisk  
  174  13:04  Extractor  
  179  13:10  Spore Crawler  
  179  13:11  Spine Crawler  
  174  13:13  Mutalisk x3  
  174  13:16  Zergling x8  
  184  13:24  Mutalisk  
  184  13:25  Mutalisk  
  188  13:33  Mutalisk x2  
  151  13:48  Mutalisk  
  151  13:49  Mutalisk x2  
  151  13:51  Zergling x10  
  154  14:03  Mutalisk  
  154  14:07  Zergling x6  
  158  14:24  Mutalisk x3  
  163  14:36  Mutalisk x2  
  167  14:43  Mutalisk  
  165  14:59  Mutalisk x3  
  169  15:27  Hatchery  
Show
View Real Time Build Order
Export as new Build Order

YouRush Zerg 

Build Orders: Pool First 

Get SALT Encoding   

  12  0:00  Drone  
  13  0:08  Drone  
  14  0:18  Overlord  
  14  0:36  Drone  
  14  0:37  Drone x2  
  17  0:47  Spawning Pool, Drone  
  17  0:57  Extractor  
  17  0:59  Drone  
  17  1:10  Drone  
  18  1:21  Hatchery  
  18  1:23  Drone  
  18  1:31  Drone  
  19  1:38  Queen  
  21  1:45  Overlord  
  21  1:55  Zergling x2  
  22  2:02  Metabolic Boost  
  22  2:10  Drone  
  22  2:13  Queen  
  25  2:20  Drone  
  26  2:24  Drone  
  27  2:33  Drone  
  27  2:36  Drone  
  29  2:44  Drone  
  29  2:46  Drone x3  
  29  2:50  Baneling Nest  
  32  2:54  Overlord  
  32  2:58  Drone  
  32  3:02  Drone  
  34  3:10  Zergling x2  
  34  3:16  Zergling x2  
  34  3:19  Zergling x2  
  38  3:20  Spine Crawler, Zergling x8  
  38  3:22  Zergling x4  
  38  3:23  Zergling x2  
  42  3:33  Baneling x2  
  42  3:35  Drone  
  42  3:36  Drone  
  44  3:46  Baneling  
  44  3:47  Spine Crawler  
  44  3:48  Baneling  
  43  3:49  Baneling  
  43  3:51  Overlord, Drone  
  44  3:56  Overlord  
  44  4:09  Queen  
  46  4:14  Drone x2  
  46  4:15  Drone  
  46  4:16  Drone x3  
  52  4:17  Drone x2  
  52  4:19  Lair  
  53  4:29  Drone x2  
  53  4:30  Drone  
  56  4:31  Extractor  
  56  4:32  Extractor  
  50  4:39  Overlord  
  50  4:41  Drone  
  49  4:45  Drone  
  49  4:46  Drone  
  49  4:47  Extractor  
  49  4:52  Drone  
  50  4:56  Drone  
  50  4:57  Drone  
  50  4:59  Drone  
  53  5:00  Drone  
  54  5:07  Zergling x2  
  54  5:08  Zergling x2  
  54  5:11  Zergling x6  
  59  5:15  Zergling x6  
  59  5:19  Spire  
  59  5:20  Zergling x2  
  62  5:23  Zergling x2  
  63  5:39  Hatchery  
  63  5:41  Overlord  
  63  5:42  Overlord  
  62  5:53  Overlord  
  62  5:54  Overlord  
  62  6:08  Drone  
  62  6:09  Drone x7  
  70  6:16  Drone x3  
  70  6:28  Drone x2  
  70  6:36  Zerg Flyer Armor Level 1  
  70  6:38  Mutalisk x5  
  78  6:41  Mutalisk  
  78  6:46  Mutalisk, Extractor  
  78  6:47  Extractor  
  80  6:52  Mutalisk  
  82  6:55  Spore Crawler  
  83  7:01  Spore Crawler  
  83  7:04  Mutalisk  
  83  7:05  Mutalisk x2  
  83  7:06  Mutalisk  
  88  7:10  Zergling x12  
  90  7:17  Mutalisk  
  92  7:23  Zergling x6  
  92  7:28  Overlord  
  92  7:29  Overlord  
  95  7:34  Overlord  
  95  7:35  Overlord  
  95  7:47  Overlord, Extractor  
  95  7:48  Mutalisk x5  
  104  7:55  Hatchery  
  104  7:57  Mutalisk  
  104  7:58  Mutalisk  
  106  8:00  Drone  
  106  8:01  Drone x4  
  113  8:06  Spore Crawler  
  111  8:14  Overlord x2  
  106  8:33  Zerg Flyer Armor Level 2  
  106  8:35  Mutalisk  
  106  8:36  Mutalisk x2  
  106  8:38  Zergling x2  
  106  8:39  Zergling x16  
  106  8:40  Zergling x2  
  122  8:47  Zergling x2  
  123  8:57  Zergling x10  
  128  9:05  Mutalisk x2  
  128  9:06  Mutalisk x3  
  128  9:09  Overlord  
  137  9:10  Overlord  
  134  9:26  Mutalisk x4  
  136  9:32  Overlord  
  136  9:33  Overlord  
  124  9:40  Zergling x2  
  124  9:41  Zergling x14  
  124  9:42  Zergling x2  
  122  9:46  Zergling x8  
  122  9:52  Mutalisk  
  117  9:58  Mutalisk  
  117  9:59  Mutalisk x2  
  123  10:05  Zergling x2  
  120  10:18  Mutalisk x2  
  120  10:19  Mutalisk x2  
  126  10:38  Hatchery  
  125  10:44  Mutalisk x4  
  125  10:45  Mutalisk  
  125  10:47  Zergling x20  
  144  11:11  Mutalisk  
  146  11:18  Overlord  
  146  11:19  Overlord  
  146  11:25  Overlord x2  
  146  11:26  Zerg Flyer Weapons Level 1  
  145  11:44  Mutalisk x4  
  145  11:45  Mutalisk x3  
  153  11:51  Mutalisk  
  147  11:58  Zergling x2  
  147  11:59  Zergling x24, Queen  
  162  12:11  Mutalisk  
  162  12:12  Mutalisk x3  
  169  12:18  Extractor  
  168  12:23  Extractor  
  168  12:25  Mutalisk  
  168  12:26  Mutalisk  
  164  12:56  Mutalisk x4  
  164  12:57  Mutalisk  
  172  13:05  Zergling x22  
  174  13:11  Mutalisk x2  
  175  13:20  Zergling x10  
  175  13:21  Zergling x6  
  175  13:22  Overlord  
  175  13:24  Overlord  
  183  13:34  Overlord  
  167  13:46  Zergling x2  
  167  13:47  Zergling x18  
  149  13:53  Mutalisk x4  
  137  14:00  Mutalisk x2  
  138  14:14  Mutalisk x2  
  132  14:19  Spore Crawler x2  
  117  14:32  Mutalisk x5  
  117  14:37  Spore Crawler  
  124  14:38  Zergling x2  
  124  14:39  Zergling x2  
  124  14:45  Zergling x6  
  129  14:53  Mutalisk x2  
  129  14:57  Zergling x6  
  132  15:02  Zergling x4  
  132  15:03  Zergling x2  
  135  15:11  Mutalisk x2  
Tags
 
Add a new tag
Caveats
  • Supply blocks, unpowered buildings, or Contaminate may cause inaccurate times.
  • Supply counts are checked every 10 seconds.